 Dungeon Crawl Stone Soup version 0.29.1-1-gd02db6906a (webtiles) character file.

Game seed: 8341557484001581325

185 Earthwalker the Covered (level 5, 0/47 HPs)
             Began as a Minotaur Fighter on Oct 15, 2022.
             Slain by an iguana (1 damage)
             ... on level 4 of the Dungeon.
             The game lasted 00:04:12 (1993 turns).

Earthwalker the Covered (Minotaur Fighter)          Turns: 1993, Time: 00:04:12

Health: 0/47       AC:  7    Str: 23    XL:     5   Next: 37%
Magic:  4/4        EV:  9    Int:  5    God:
Gold:   141        SH:  4    Dex:  9    Spells: 4/4 levels left

rFire   . . .      SeeInvis .   a - +0 war axe
rCold   . . .      Faith    .   c - +0 buckler
rNeg    . . .      Spirit   .   b - +0 scale mail
rPois   .          Reflect  .   (helmet restricted)
rElec   .          Harm     .   (no cloak)
rCorr   .          Rampage  .   (no gloves)
Will    .....                   (no boots)
Stlth   ..........              (no amulet)
HPRegen 0.15/turn               (no ring)
MPRegen 0.09/turn               (no ring)

@: no status effects
A: horns 2, retaliatory headbutt
a: no special abilities


You were on level 4 of the Dungeon.
You visited 1 branch of the dungeon, and saw 4 of its levels.

You collected 141 gold pieces.

Inventory:

Hand Weapons
 a - a +0 war axe (weapon)
Missiles
 q - 5 boomerangs (quivered)
Armour
 b - a +0 scale mail (worn)
 c - a +0 buckler (worn)
Scrolls
 e - 6 scrolls of identify {unknown}
 f - a scroll of immolation {unknown}
 j - a scroll of magic mapping {unknown}
 m - a scroll of enchant weapon {unknown}
 n - a scroll of enchant armour {unknown}
 o - a scroll of summoning {unknown}
 r - a scroll of vulnerability {unknown}
 s - a scroll of amnesia {unknown}
 t - a scroll of fear {unknown}
Potions
 d - 2 potions of might
 g - 2 potions of brilliance {unknown}
 h - 2 potions of heal wounds {unknown}
 i - 2 potions of curing {unknown}
 k - 2 potions of flight {unknown}
 l - a potion of berserk rage {unknown}
 p - 2 potions of degeneration {unknown}


   Skills:
 * Level 4.8 Fighting
 * Level 4.0 Axes
 * Level 4.9 Armour
 * Level 4.8 Shields


You had 4 spell levels left.
You didn't know any spells.
Your spell library contained the following spells:

 Spells                   Type           Power      Damage    Failure   Level
 Borgnjor's Revivificati  Necr           0%         N/A       100%        8
 Necromutation            Tmut/Necr      0%         N/A       100%        8
 Death's Door             Necr           0%         N/A       100%        9


Dungeon Overview and Level Annotations

Branches:
Dungeon (4/15)
 Temple: D:4-7

Altars:
Zin

Shops:
D:4 :


Innate Abilities, Weirdness & Mutations

You have a pair of horns on your head.
You reflexively headbutt those who attack you in melee.


Message History

The puff of flame hits you.
* * * LOW HITPOINT WARNING * * *
Unknown command.
You barely miss the kobold. You headbutt the kobold.
You kill the kobold!
You miss something. Something hits you but does no damage.
You hear some strange, mumbled words.
A puff of flame appears from out of thin air!
The puff of flame misses you. The puff of flame hits you!
* * * LOW HITPOINT WARNING * * *
You hit the orc but do no damage. You closely miss something.
You hear some strange, mumbled words.
You are confused.
The orc closely misses you. The orc hits you with a +0 falchion.
* * * LOW HITPOINT WARNING * * *
Something hits you but does no damage.
An iguana comes into view.
The iguana hisses angrily.
You hit the orc but do no damage. You slash something!
Reactivating autopickup.
You feel a bit more experienced.
You hear the slow rusting of a very distant drain.
The orc hits you but does no damage.
Your Axes skill increases to level 4!
You closely miss the orc. Your headbutt misses the orc.
The orc barely misses you. The orc closely misses you.
You feel less confused.
You barely miss the orc. You headbutt the orc.
The orc is almost dead.
The orc hits you with a +0 falchion.
* * * LOW HITPOINT WARNING * * *
You slash the orc!
You kill the orc!
You completely miss the iguana. The iguana barely misses you.
You furiously retaliate!
You headbutt the iguana. You barely miss the iguana.
The iguana is lightly wounded.
The iguana bites you.
You die...

.# .# #########
..# #.......# ...
#.#...#.####.####
#..#(#...........
#...∩@)..).......
#..#.#l.)........
#..#...#))........
#......)).......(.
#...##....########
##.. ###### ##


You could see an iguana.

Vanquished Creatures
  Jessica (D:2)
  3 orc wizards (D:4)
  An adder (D:2)
  2 worms
  A dart slug (D:1)
  3 orcs (D:4)
  4 ball pythons
  4 bats
  8 endoplasms
  A giant cockroach (D:3)
  8 goblins
  7 hobgoblins
  4 kobolds
  4 quokkas
  7 frilled lizards
  6 rats
64 creatures vanquished.

Vanquished Creatures (others)
  2 orc wizards (D:4)
2 creatures vanquished.

Grand Total: 66 creatures vanquished

Notes
Turn   | Place    | Note
-------+----------+-------------------------------------------
     0 | D:1      | Earthwalker the Minotaur Fighter began the quest for the
                  | Orb.
     0 | D:1      | Reached XP level 1. HP: 19/19 MP: 0/0
    98 | D:1      | Found a faded altar of an unknown god.
   109 | D:1      | Reached XP level 2. HP: 21/27 MP: 1/1
   551 | D:1      | You fall into a shaft and drop 1 floor!
   558 | D:2      | Reached XP level 3. HP: 33/33 MP: 2/2
   600 | D:2      | Noticed Jessica
   606 | D:2      | Killed Jessica
   835 | D:2      | Reached XP level 4. HP: 40/40 MP: 3/3
  1282 | D:3      | Found a glowing silver altar of Zin.
  1947 | D:4      | Found Goakafo's Book Shoppe.
  1954 | D:4      | Reached XP level 5. HP: 47/47 MP: 4/4
  1991 | D:4      | HP: 1/47 [orc/+0 falchion (3)]
  1993 | D:4      | Slain by an iguana

Illustrated notes

Levels and vault maps discovered:
D:1:      amcnicky_arrival_gap_in_the_tavern_cellar, layout_rooms,
          basic_ecumenical_altar
D:2:      layout_basic, uniq_jessica
D:3:      layout_basic, mainiacjoe_overflow_tiny_flanked
D:4:      layout_basic, serial_shops, nicolae_shop_advertising_works
          [nicolae_subvault_shop_adworks], shop_coins,
          cheibrodos_sewer_entry_sluice, nicolae_shop_firing_range,
          uniq_eustachio

Skill      XL: |  1  2  3  4  5 |
---------------+----------------+-----
Armour         | 4 |  4.9
Shields        | 4 |  4.8
Fighting       | 4 |  4.8
Axes           | 3 4 |  4.0

Action                   |  1- 3 |  4- 6 || total
-------------------------+-------+-------++-------
Melee: War axe           |    58 |    99 ||   157
       Headbutt          |     9 |    10 ||    19
Armor: Scale mail        |    32 |    47 ||    79
Dodge: Dodged            |    32 |    45 ||    77
Block: Buckler           |    13 |    29 ||    42
